Map: Reclamation LE

Players

David - Winner!

  • Race: Terran Terran
  • Spawn Location: 6:00

WMachine - Winner!

  • Race: Terran Terran
  • Spawn Location: 5:00

PREDATOR

  • Race: Terran Terran
  • Spawn Location: 12:00

BraveMan

  • Race: Terran Terran
  • Spawn Location: 11:00

VOD

Have the link to the VOD?

Description

Time

  • Played on: April 10, 2025, 11:58 a.m.
  • Length: 25:39
Show
View Real Time Build Order
Export as new Build Order

David Terran - Winner!

Build Orders: Reaper Expand 

Get SALT Encoding   

  12  0:01  SCV  
  13  0:13  SCV  
  14  0:18  Supply Depot  
  14  0:43  Refinery  
  14  0:44  Barracks  
  14  0:46  SCV  
  15  1:04  SCV  
  16  1:31  Barracks Reactor  
  16  1:38  Orbital Command  
  16  1:40  Command Center  
  16  2:08  Reaper  
  16  2:09  Reaper  
  16  2:14  SCV  
  19  2:35  Supply Depot  
  19  2:40  SCV  
  20  2:52  SCV  
  20  2:56  Engineering Bay  
  21  3:02  Barracks  
  21  3:04  SCV x2  
  23  3:15  Refinery  
  23  3:16  SCV x2  
  25  3:27  Terran Infantry Armor Level 1  
  25  3:28  SCV x2  
  27  3:37  Supply Depot  
  27  3:40  SCV  
  28  3:41  SCV  
  29  3:52  SCV, Barracks Reactor  
  29  3:53  SCV  
  31  4:04  SCV, Factory  
  32  4:12  Supply Depot  
  32  4:19  Marine  
  32  4:20  Marine  
  34  4:30  Marine x2  
  36  4:37  Marine  
  36  4:38  Marine  
  38  4:39  SCV  
  39  4:48  Marine x2  
  39  4:50  Factory Tech Lab  
  39  4:51  SCV  
  42  4:55  Starport, Marine x2  
  42  4:58  Supply Depot  
  44  5:03  SCV  
  44  5:06  Marine x2  
  47  5:13  Marine x2  
  49  5:16  SCV  
  49  5:21  Refinery  
  50  5:22  Siege Tank  
  50  5:23  Marine  
  50  5:25  Marine  
  50  5:28  SCV  
  56  5:30  Marine  
  56  5:31  Marine  
  56  5:34  SCV  
  59  5:40  SCV  
  60  5:46  SCV, Refinery  
  60  5:47  Medivac  
  60  5:49  Marine x3  
  64  5:54  Siege Tank, SCV  
  70  6:02  Supply Depot  
  70  6:09  Armory  
  70  6:23  SCV x2, Marine x4, Medivac  
  78  6:28  Supply Depot  
  78  6:50  SCV, Marine x4, Barracks, Siege Tank  
  86  7:04  Orbital Command  
  86  7:26  Command Center  
  86  7:43  Supply Depot  
  86  7:46  Barracks Tech Lab  
  86  7:53  Missile Turret  
  86  8:04  Marine x2  
  86  8:05  Marine, Cyclone, Medivac  
  94  8:13  Missile Turret  
  94  8:22  Terran Infantry Weapons Level 1  
  94  8:24  Terran Vehicle Weapons Level 1  
  94  8:27  Supply Depot  
  94  8:37  SCV x2, Marine x4, Liberator  
  103  8:49  SCV x2  
  103  8:55  Marine x4  
  109  8:56  Marauder  
  109  8:59  SCV  
  109  9:01  SCV x2  
  104  9:11  SCV  
  104  9:13  SCV x2, Marine x4  
  83  9:17  Marauder  
  83  9:20  Liberator  
  83  9:23  SCV  
  83  9:24  Siege Tank  
  83  9:26  SCV x2  
  83  9:30  Marine x4  
  92  9:36  SCV  
  93  9:39  Marauder  
  93  9:41  Supply Depot  
  93  9:42  Supply Depot  
  95  9:48  Marine x4  
  99  9:56  Siege Tank  
  99  9:59  Combat Shield  
  102  10:00  Marauder  
  102  10:03  Medivac  
  102  10:06  Marine x4  
  110  10:15  Terran Infantry Armor Level 2  
  110  10:18  Terran Vehicle And Ship Armor Level 1  
  110  10:21  Marauder  
  110  10:24  Marine x4  
  116  10:28  Siege Tank  
  116  10:30  Supply Depot  
  116  10:33  Supply Depot, Medivac  
  121  10:35  Supply Depot  
  121  10:42  Marine x2  
  125  10:43  Marauder  
  125  10:56  Supply Depot  
  125  10:58  Supply Depot  
  125  11:00  Siege Tank  
  125  11:02  Marine  
  125  11:03  Supply Depot, Marine x3, Medivac  
  136  11:04  Marauder  
  136  11:18  Stimpack  
  136  11:20  Marine  
  136  11:21  Marine x3  
  142  11:25  Marauder  
  142  11:27  Supply Depot  
  142  11:33  Supply Depot, Siege Tank, Medivac  
  142  11:38  Marine x2  
  142  11:39  Marine x2  
  153  11:47  Marauder  
  153  11:52  Supply Depot  
  153  11:56  Marine x4  
  157  12:04  Thor  
  157  12:08  Starport Tech Lab, Marauder  
  165  12:12  Terran Ship Weapons Level 1  
  165  12:14  Marine x2  
  167  12:21  Supply Depot  
  167  12:27  Marine  
  167  12:28  Marine  
  171  12:30  Marauder  
  171  12:31  Marine, Terran Infantry Weapons Level 2  
  171  12:32  Marine, Banshee  
  176  12:45  Marine x2  
  176  12:47  Thor  
  176  12:49  Marine  
  176  12:50  Marine  
  188  12:51  Marauder  
  188  12:55  Planetary Fortress  
  188  13:03  Marine x2  
  190  13:07  Marine  
  190  13:08  Marine  
  194  13:12  Marauder  
  197  13:20  Marine  
  197  13:21  Marine  
  197  13:25  Marine  
  200  13:52  Banshee  
  200  14:06  Terran Vehicle Weapons Level 2  
  197  14:47  Hi-Sec Auto Tracking  
  139  15:18  Marine  
  139  15:19  Marine x3  
  104  15:22  Thor  
  104  15:26  Viking  
  77  15:36  Marine  
  77  15:37  Marine x3  
  81  15:44  Terran Infantry Armor Level 3, Marauder  
  83  15:54  Marine  
  83  15:55  Marine x3, Starport  
  83  15:56  Viking  
  89  16:05  Thor, Marauder  
  97  16:12  Marine x4  
  101  16:20  Refinery  
  101  16:22  Terran Vehicle And Ship Armor Level 2  
  101  16:26  Viking  
  101  16:27  Marauder  
  105  16:34  Medivac  
  107  16:40  Marine x4  
  111  16:48  Thor, Marauder  
  119  16:56  Viking  
  119  16:57  Marine  
  119  16:58  Marine x3  
  127  17:09  Marauder  
  127  17:15  Marine  
  127  17:16  Marine x3  
  126  17:26  Viking  
  122  17:31  Thor  
  122  17:33  Marine  
  122  17:34  Marine x3  
  129  17:45  Marine  
  129  17:51  Marine x4  
  130  17:56  Medivac  
  136  18:03  Marine  
  137  18:09  Marine x4  
  141  18:13  Thor  
  147  18:21  Marine, Terran Infantry Weapons Level 3  
  147  18:25  Medivac  
  147  18:26  Marine  
  150  18:27  Marine x3  
  154  18:37  Terran Ship Weapons Level 2  
  154  18:38  Marine  
  155  18:44  Marine  
  155  18:45  Marine x3  
  138  18:55  Medivac  
  138  18:56  Marine  
  138  19:02  Marine  
  137  19:03  Marine x3  
  100  19:20  Marine x4  
  88  19:25  Medivac  
  74  20:07  Marine  
  74  20:08  Marine x3  
  74  20:11  Marauder  
  80  20:14  Siege Tank  
  80  20:17  Medivac  
  79  20:24  Command Center  
  79  20:25  Marine  
  79  20:26  Marine x3  
  83  20:32  Marauder  
  84  20:43  Marine x2  
  84  20:44  Marine x2  
  84  20:46  Siege Tank  
  84  20:48  Refinery  
  87  20:53  Terran Vehicle Weapons Level 3  
  87  20:54  Marauder, Command Center  
  89  21:01  Marine x2  
  79  21:15  Marauder  
  84  21:18  Siege Tank  
  84  21:21  Refinery  
  84  21:28  Barracks  
  84  21:31  Starport  
  80  21:37  Marauder  
  82  21:41  Marine x2  
  84  21:50  Siege Tank  
  87  21:58  Marauder  
  87  21:59  Marine x2  
  91  22:09  Viking  
  93  22:16  Marine  
  93  22:17  SCV, Marine  
  93  22:19  Marauder  
  93  22:22  Siege Tank  
  101  22:25  Command Center  
  101  22:26  Marine x2  
  103  22:34  Marine  
  103  22:35  Marine  
  105  22:39  Viking  
  105  22:41  Marauder  
  105  22:44  Marine x2  
  111  22:52  Supply Depot, Marine x2  
  113  23:01  Marine  
  113  23:02  Marine, Marauder  
  117  23:10  Marine x2  
  119  23:15  Supply Depot  
  119  23:19  Marine  
  120  23:20  Marine  
  120  23:23  Marine  
  122  23:28  Marine x2  
  124  23:37  Supply Depot, Marine  
  124  23:38  Marine  
  126  23:42  Starport Tech Lab  
  126  23:45  Marine  
  126  23:46  Marine x2  
  129  23:50  Siege Tank  
  129  23:55  Marine x2  
  133  24:00  Supply Depot  
  134  24:03  Marine  
  134  24:04  Marine x2  
  137  24:13  Marine x2  
  139  24:21  Marine  
  139  24:22  Supply Depot, Marine x2  
  142  24:31  Marine x2  
  132  24:39  Marine x3  
  135  24:45  Supply Depot  
  130  24:57  Marine  
  130  25:12  Marine x4  
  134  25:15  Marine  
Show
View Real Time Build Order
Export as new Build Order

WMachine Terran - Winner!

Build Orders:  

Get SALT Encoding   

  12  0:05  SCV  
  13  0:17  Supply Depot, SCV  
  14  0:30  SCV  
  15  0:42  SCV, Barracks  
  16  0:50  Refinery  
  16  0:54  SCV  
  17  1:06  SCV  
  18  1:18  SCV  
  19  1:21  Refinery  
  19  1:29  Supply Depot  
  19  1:30  SCV  
  20  1:37  Reaper  
  21  1:42  SCV  
  22  2:05  Factory  
  22  2:07  SCV  
  23  2:19  SCV  
  24  2:31  SCV  
  25  2:43  SCV  
  25  3:24  Factory Tech Lab  
  25  3:28  Starport  
  25  3:31  Orbital Command  
  25  3:32  Command Center  
  25  3:48  Siege Tank  
  28  4:06  Starport Tech Lab  
  28  4:13  Fusion Core  
  28  4:20  Cyclone  
  31  4:43  Supply Depot, SCV  
  32  4:55  SCV  
  39  5:00  Battlecruiser  
  39  5:05  Supply Depot, SCV  
  40  5:07  SCV  
  41  5:17  Supply Depot, SCV  
  41  5:19  SCV  
  43  5:22  Engineering Bay  
  43  5:29  SCV  
  43  5:32  SCV  
  45  5:39  Refinery  
  45  5:40  Supply Depot  
  45  5:41  SCV  
  46  5:44  SCV  
  47  5:50  Siege Tank  
  47  5:53  SCV  
  47  5:56  SCV  
  52  5:57  Missile Turret  
  52  6:02  Missile Turret  
  52  6:05  SCV, Refinery  
  52  6:08  SCV  
  54  6:17  Weapon Refit  
  54  6:18  Missile Turret  
  54  6:19  Command Center  
  54  6:22  Siege Tank  
  57  6:34  Factory  
  57  6:38  Armory  
  57  6:39  Missile Turret, Armory  
  57  6:40  SCV  
  57  6:41  SCV  
  59  6:52  SCV  
  59  6:53  SCV  
  61  7:05  SCV x2  
  63  7:17  SCV x2  
  63  7:21  Factory Tech Lab  
  65  7:32  Orbital Command  
  65  7:46  Thor x2  
  77  8:05  SCV x2  
  79  8:11  Missile Turret  
  79  8:12  Terran Vehicle Weapons Level 1, Terran Ship Weapons Level 1  
  79  8:15  Missile Turret  
  79  8:17  SCV x2  
  79  8:18  Missile Turret  
  81  8:29  SCV, Thor  
  81  8:30  SCV  
  81  8:33  Refinery  
  89  8:37  Refinery  
  89  8:41  SCV  
  89  8:42  SCV  
  89  8:46  Missile Turret  
  91  8:53  SCV  
  91  8:54  SCV  
  93  9:00  Factory  
  93  9:02  Factory  
  93  9:07  Factory  
  93  9:11  Factory  
  90  9:53  Thor  
  84  10:00  Factory Tech Lab x4  
  84  10:02  Thor  
  84  10:06  Terran Vehicle And Ship Armor Level 1  
  84  10:08  Planetary Fortress  
  84  10:19  Missile Turret  
  84  10:21  Missile Turret  
  84  10:27  Missile Turret  
  84  10:32  Thor  
  90  10:39  Missile Turret  
  90  10:48  Supply Depot  
  90  10:49  Supply Depot  
  90  10:50  Supply Depot, Terran Vehicle Weapons Level 2  
  90  10:52  Supply Depot  
  90  10:53  Supply Depot  
  90  11:09  Thor  
  96  11:12  Supply Depot  
  96  11:19  Supply Depot  
  96  11:21  Command Center  
  96  11:22  Supply Depot  
  96  11:28  Thor  
  96  11:29  Thor x2  
  114  11:43  Supply Depot  
  114  12:00  Terran Ship Weapons Level 2  
  114  12:04  SCV x3  
  114  12:06  Supply Depot  
  117  12:12  Thor x3  
  117  12:13  Missile Turret  
  135  12:16  SCV  
  135  12:17  SCV x2  
  138  12:29  Supply Depot  
  138  12:34  Missile Turret  
  138  12:45  Planetary Fortress  
  138  12:52  Supply Depot  
  138  12:56  Missile Turret  
  138  13:00  Thor  
  138  13:01  Thor  
  150  13:05  Terran Vehicle And Ship Armor Level 2  
  150  13:17  Missile Turret  
  150  13:18  Barracks  
  150  13:36  Command Center  
  150  13:37  Refinery  
  150  13:42  Missile Turret  
  150  14:03  Refinery, Missile Turret  
  150  14:06  Barracks  
  150  14:16  Terran Vehicle Weapons Level 3  
  150  14:26  Missile Turret  
  150  14:41  Barracks Tech Lab  
  150  14:45  Terran Infantry Armor Level 1  
  150  14:54  Barracks  
  144  15:42  Barracks  
  120  15:50  Thor x5  
  120  15:51  Thor  
  102  16:22  Planetary Fortress  
  102  16:29  Barracks Reactor x2  
  102  16:30  Barracks Reactor x2  
  102  16:31  Barracks  
  102  16:33  Thor x4  
  102  16:39  Terran Infantry Weapons Level 1  
  126  16:49  Combat Shield  
  126  17:11  Command Center  
  126  17:16  Marine x7  
  126  17:18  Marine  
  126  17:19  Barracks  
  134  17:34  Marine x7  
  134  17:36  Marine  
  124  17:51  Marine  
  124  17:52  Marine x6  
  124  17:53  Marine  
  126  18:08  Stimpack  
  126  18:09  Marine  
  126  18:10  Marine x6  
  126  18:11  Marine  
  124  18:21  Terran Vehicle And Ship Armor Level 3, Terran Ship Weapons Level 3  
  124  18:24  Thor x3  
  142  18:28  Marine, Barracks Reactor  
  129  19:28  Planetary Fortress  
  129  19:31  SCV  
  129  19:32  SCV x2  
  129  19:36  Thor  
  129  19:37  Thor x2  
  150  19:42  Marine x7  
  150  19:43  SCV, Marine x3  
  150  19:44  SCV x2  
  163  19:46  Barracks Reactor  
  163  19:48  Concussive Shells  
  163  19:55  SCV  
  144  20:00  Marine x9  
  128  20:51  Marine  
  128  20:52  Marine x11  
  128  20:56  Marauder  
  142  21:09  Marine  
  142  21:10  Marine x11  
  154  21:17  Marauder  
  153  21:27  Marine  
  153  21:28  Marine  
  154  21:38  Marauder  
  133  22:00  Marauder  
  133  22:21  Marauder  
  132  22:30  Thor  
  132  22:31  Thor x4  
  132  22:33  Marine x5  
  132  22:34  Marine x7  
  172  22:51  Marine x11  
  167  22:52  Marine  
  167  22:57  Missile Turret  
  178  23:00  Refinery  
  178  23:01  Missile Turret  
  178  23:02  Missile Turret  
  178  23:06  Refinery, Missile Turret  
  178  23:09  Marine  
  110  24:25  Thor  
  110  24:26  Thor x2  
  128  24:49  Unknown  
  128  24:55  Refinery  
  128  24:59  Refinery  
  128  25:04  Command Center  
Show
View Real Time Build Order
Export as new Build Order

PREDATOR Terran 

Build Orders:  

Get SALT Encoding   

  12  0:04  SCV  
  13  0:21  Supply Depot  
  13  0:27  SCV  
  14  0:31  Supply Depot  
  14  0:39  SCV  
  15  0:48  Barracks  
  15  0:51  SCV  
  16  1:02  Refinery  
  16  1:08  SCV  
  16  1:09  Refinery  
  17  1:27  SCV  
  18  1:39  SCV  
  19  1:48  Marine  
  19  1:51  SCV  
  21  2:03  Command Center  
  21  2:04  SCV  
  22  2:17  Marine  
  23  2:24  SCV, Factory  
  24  2:36  SCV  
  25  2:39  Engineering Bay  
  25  2:48  SCV, Marine  
  27  3:06  Marine  
  27  3:17  Factory Tech Lab  
  26  3:23  Marine  
  27  3:38  Orbital Command  
  27  3:41  Marine, Missile Turret  
  27  3:46  Planetary Fortress  
  28  3:49  Siege Tank, Refinery  
  31  3:59  Marine, Hi-Sec Auto Tracking  
  31  4:01  Missile Turret  
  32  4:07  SCV  
  33  4:19  SCV  
  34  4:24  SCV  
  35  4:31  SCV  
  35  4:36  SCV  
  37  4:43  Missile Turret  
  37  4:44  SCV  
  38  4:46  Starport  
  38  4:49  SCV  
  38  4:51  Siege Tank  
  42  4:56  SCV  
  43  5:01  SCV, Refinery  
  44  5:07  Neosteel Armor  
  44  5:08  SCV  
  44  5:13  SCV  
  46  5:16  Missile Turret  
  46  5:24  Starport  
  46  5:26  Starport Reactor  
  46  5:27  SCV x2  
  48  5:39  SCV x2  
  50  5:45  Command Center  
  50  5:51  SCV  
  51  6:03  SCV  
  52  6:07  SCV  
  53  6:15  SCV  
  53  6:16  Supply Depot  
  53  6:17  Starport Reactor  
  54  6:24  Armory  
  54  6:32  SCV x2  
  56  6:35  Siege Tank  
  59  6:40  Viking x2  
  59  6:44  SCV x2  
  65  6:47  Supply Depot  
  65  6:56  SCV x2  
  67  7:08  SCV  
  67  7:10  Viking x2  
  72  7:21  Missile Turret  
  72  7:27  Missile Turret  
  72  7:30  Terran Vehicle And Ship Armor Level 1  
  72  7:35  Armory  
  72  7:40  SCV  
  72  7:41  Armory  
  73  7:53  SCV, Missile Turret  
  73  7:55  Planetary Fortress  
  74  8:02  Missile Turret  
  74  8:05  SCV  
  75  8:07  Viking x4  
  83  8:17  SCV  
  84  8:22  Supply Depot  
  84  8:24  Missile Turret  
  84  8:29  SCV  
  84  8:32  Refinery  
  85  8:35  Refinery  
  85  8:37  Viking x4  
  85  8:39  Missile Turret  
  93  8:49  SCV  
  94  9:00  Missile Turret  
  94  9:01  SCV  
  95  9:09  Starport  
  95  9:12  Starport  
  95  9:13  SCV  
  96  9:25  SCV  
  97  9:37  SCV  
  94  10:18  Refinery  
  94  10:25  SCV  
  95  10:38  SCV  
  95  10:39  Terran Ship Weapons Level 1  
  95  10:40  Terran Vehicle Weapons Level 1, Missile Turret  
  95  10:41  Command Center, Terran Vehicle And Ship Armor Level 2  
  96  10:47  Starport Reactor  
  96  10:49  Starport Reactor  
  96  10:50  SCV  
  96  10:53  Starport  
  97  11:02  SCV  
  98  11:14  SCV  
  99  11:28  Smart Servos  
  99  11:29  Command Center  
  99  11:35  Siege Tank  
  102  11:40  Supply Depot  
  102  11:49  Missile Turret  
  102  12:03  Supply Depot  
  102  12:12  Missile Turret  
  102  12:33  Missile Turret  
  102  12:36  Planetary Fortress  
  102  12:41  Starport Reactor  
  102  12:43  Viking x7  
  102  12:44  Viking  
  118  12:56  Missile Turret  
  118  13:07  Command Center  
  118  13:12  Refinery  
  118  13:13  Viking x3  
  118  13:14  SCV  
  118  13:15  Refinery  
  125  13:26  SCV  
  126  13:27  Bunker  
  126  13:38  SCV  
  127  13:50  SCV, Terran Ship Weapons Level 2  
  127  13:51  Terran Vehicle Weapons Level 2  
  127  13:53  Terran Vehicle And Ship Armor Level 3  
  128  13:55  Viking x2  
  128  13:56  Viking x7  
  128  13:57  Viking  
  148  14:03  SCV  
  148  14:06  Terran Infantry Weapons Level 1  
  149  14:18  Missile Turret  
  149  14:20  Planetary Fortress  
  149  14:25  Viking x3  
  149  14:26  Missile Turret, Viking x7  
  169  14:38  Siege Tank  
  172  14:40  Missile Turret  
  172  14:41  Planetary Fortress  
  172  14:47  Missile Turret  
  172  14:55  Viking x3  
  172  14:56  Viking x7  
  192  15:10  Siege Tank  
  102  16:08  Command Center  
  102  16:18  Siege Tank  
  105  16:44  Viking x5  
  105  16:45  Viking x4  
  123  16:47  Terran Vehicle Weapons Level 3  
  123  16:48  Terran Ship Weapons Level 3  
  123  16:50  Siege Tank  
  126  17:16  Command Center  
  126  17:22  Siege Tank  
  108  17:54  Siege Tank  
  37  19:01  Siege Tank  
  34  19:04  Viking x2  
  34  19:07  Viking x3  
  34  19:08  Viking x5  
  48  19:33  Siege Tank  
  48  19:34  Viking x2  
  48  19:37  Viking x4  
  51  20:04  Viking x2  
  51  20:05  Siege Tank  
  33  20:34  Viking x2  
  37  20:59  Marine  
  38  21:04  Unknown  
  36  21:16  Marine  
  29  21:34  Marine  
  28  21:52  Marine  
  29  22:10  Marine  
  11  23:36  Viking x3  
  11  23:37  Viking x6  
  11  23:38  Viking  
  23  24:49  Widow Mine  
  14  25:04  Orbital Command  
Show
View Real Time Build Order
Export as new Build Order

BraveMan Terran 

Build Orders: Command Center First 

Get SALT Encoding   

  12  0:09  SCV  
  13  0:24  SCV  
  14  0:34  Supply Depot  
  14  0:53  SCV  
  15  1:05  Command Center  
  15  1:32  Barracks  
  15  1:33  Barracks  
  15  1:36  Refinery  
  15  1:39  Refinery  
  15  1:40  SCV  
  16  1:57  SCV  
  17  2:12  SCV  
  18  2:21  Marine x2  
  20  2:24  SCV  
  20  2:28  Bunker  
  21  2:33  SCV  
  22  2:38  SCV  
  23  2:45  Marine  
  23  2:47  Marine  
  24  2:59  Supply Depot  
  22  3:28  Bunker  
  22  3:31  SCV x2  
  24  3:43  SCV x2  
  24  3:47  Marine x2  
  28  3:51  Refinery  
  28  3:58  Supply Depot  
  28  4:06  SCV x2  
  30  4:15  Factory  
  30  4:19  Factory  
  30  4:23  Marine  
  31  4:27  Marine  
  32  4:33  SCV  
  32  4:34  SCV  
  34  4:41  Engineering Bay  
  34  5:03  Marine  
  34  5:04  Supply Depot, Marine  
  34  5:05  Factory Tech Lab x2  
  36  5:10  Missile Turret  
  36  5:16  Missile Turret  
  36  5:22  Missile Turret  
  36  5:30  SCV x2  
  38  5:37  Siege Tank  
  41  5:46  Missile Turret  
  41  5:54  Missile Turret  
  41  5:59  Missile Turret  
  41  6:17  Barracks Tech Lab  
  41  6:18  Barracks Reactor  
  41  6:21  Missile Turret  
  41  6:25  SCV x2  
  43  6:31  Missile Turret  
  43  6:40  Missile Turret  
  43  6:43  SCV x2, Missile Turret  
  45  6:50  Refinery  
  45  6:59  Siege Tank  
  45  7:00  Widow Mine  
  50  7:01  Missile Turret  
  50  7:07  Orbital Command  
  50  7:11  Orbital Command  
  50  7:17  Supply Depot  
  50  7:23  Supply Depot  
  50  7:44  Armory  
  50  7:45  Armory  
  50  7:55  SCV x2, Starport  
  52  8:01  Starport  
  52  8:15  Widow Mine  
  52  8:16  Widow Mine  
  56  8:21  Marine x2  
  56  8:22  Marauder  
  60  8:33  Drilling Claws  
  60  8:34  Smart Servos  
  60  8:37  Terran Ship Weapons Level 1  
  60  8:38  Terran Vehicle And Ship Armor Level 1  
  60  8:42  Starport Reactor x2  
  60  8:52  Hi-Sec Auto Tracking  
  60  9:00  SCV x2  
  56  9:26  Widow Mine x2  
  58  9:44  SCV x2  
  60  9:49  Neosteel Armor  
  60  9:52  Supply Depot x2  
  60  9:56  Viking x4  
  68  10:13  Widow Mine x2  
  72  10:23  Supply Depot  
  72  10:24  Supply Depot  
  72  10:46  Supply Depot  
  72  10:50  Command Center  
  72  10:51  Widow Mine x2  
  76  10:57  Viking x4  
  76  11:03  Terran Ship Weapons Level 2  
  84  11:04  Terran Vehicle And Ship Armor Level 2  
  84  11:09  SCV x2  
  86  11:17  Stimpack  
  86  11:28  Supply Depot  
  86  11:39  Widow Mine x2  
  90  11:57  Marine x2, Marauder  
  94  12:04  Thor x2  
  106  12:14  Marine  
  106  12:15  Marine  
  108  12:18  Marauder  
  110  12:27  Planetary Fortress  
  110  12:32  Missile Turret  
  110  12:47  Siege Tank x2  
  116  12:53  Missile Turret  
  116  12:55  Marine x2, Marauder  
  116  12:56  Combat Shield  
  120  13:12  Marine x2  
  120  13:13  Missile Turret  
  120  13:19  SCV  
  123  13:31  SCV  
  123  13:32  Terran Vehicle And Ship Armor Level 3, Terran Vehicle Weapons Level 1  
  124  13:35  Refinery  
  124  13:43  SCV, Widow Mine x2  
  129  13:55  Command Center  
  129  13:56  SCV  
  130  14:08  SCV  
  131  14:15  Concussive Shells  
  131  14:31  Marine x2, Marauder  
  130  14:46  Viking x2  
  130  14:47  Viking x2  
  130  14:49  Marine x2  
  140  15:01  Marauder  
  138  15:09  Marine x2  
  124  15:23  Marauder  
  120  15:42  Siege Tank x2  
  120  15:46  Marine x2, Marauder  
  122  16:04  Marine x2  
  122  16:08  Marauder  
  122  16:14  Terran Vehicle Weapons Level 2  
  122  16:15  Terran Ship Weapons Level 3  
  122  16:26  Thor x2  
  122  16:30  Command Center  
  122  16:31  Command Center  
  134  16:47  Marine x2, Marauder  
  126  17:05  Terran Infantry Weapons Level 1  
  126  17:07  Viking x3  
  126  17:08  Viking  
  134  17:12  Marine x2  
  134  17:13  Marauder  
  138  17:36  Marine x2, Marauder  
  142  17:54  Marine x2  
  142  17:58  Marauder  
  146  18:05  Widow Mine x2  
  150  18:12  Marine x2  
  152  18:19  Marauder  
  154  18:21  Planetary Fortress  
  154  18:26  Missile Turret x2, Widow Mine x2  
  158  18:28  Refinery, Missile Turret  
  158  18:29  Missile Turret  
  158  18:30  Refinery  
  155  18:59  Terran Infantry Armor Level 1  
  155  19:01  Siege Tank x2  
  116  19:17  Marine x2, Marauder  
  106  19:34  Marine  
  106  19:35  Orbital Command, Marine  
  108  19:39  Marauder  
  103  19:52  Marine x2  
  99  19:58  Siege Tank  
  99  19:59  Widow Mine  
  101  20:00  Marauder  
  101  20:01  Liberator x4  
  110  20:10  Marine x2  
  111  20:21  Marine  
  111  20:28  Marine x2  
  109  20:39  Marauder  
  109  20:46  Marine x2  
  110  21:00  Marine  
  98  22:24  Siege Tank  
  100  22:37  Widow Mine  
  98  23:26  Missile Turret  
  95  23:32  Siege Tank  
  91  23:35  Siege Tank  
  67  24:37  Widow Mine x2  
Tags
 
Add a new tag
Caveats
  • Supply blocks, unpowered buildings, or Contaminate may cause inaccurate times.
  • Supply counts are checked every 10 seconds.